 Dungeon Crawl Stone Soup version 0.31-a0-460-g9e667d4245 (webtiles) character file.

Game seed: 1415150613225374129

183 Gelion the Changeling (level 5, -4/35 HPs)
             Began as an Octopode Shapeshifter on Aug 5, 2023.
             Slain by Sigmund
             ... wielding a +1 scythe of protection
              (13 damage)
             ... on level 3 of the Dungeon.
             The game lasted 00:03:30 (2311 turns).

Gelion the Changeling (Octopode Shapeshifter)       Turns: 2311, Time: 00:03:30

Health: -4/35      AC:  1    Str: 15    XL:     5   Next: 62%
Magic:  5/5        EV: 13    Int: 10    God:
Gold:   115        SH:  0    Dex: 14    Spells: 4/4 levels left

rFire   . .          .
                       - Unarmed
rCold   . . .        (no shield)
rNeg    . . .        (helmet currently unavailable)
rPois   .            (no amulet)
rElec   .            (no ring)
rCorr   .            (no ring)
SInv    .            (no ring)
Will    .....        (no ring)
Stlth   ++           (no ring)
HPRegen 0.25/turn    (no ring)
MPRegen 0.09/turn    (no ring)
                     (no ring)

%: no passive effects
@: confused, beast-form
A: beast (slay +3), almost no armour, amphibious, 8 rings, camouflage 1,
gelatinous body 1, (nimble swimmer 1), tentacles
a: Begin Untransformation


You were on level 3 of the Dungeon.
You were a hulking beast.
You visited 1 branch of the dungeon, and saw 3 of its levels.

You collected 115 gold pieces.

Inventory:

Jewellery
 e - a +6 ring of strength
 i - a ring of positive energy
Talismans
 b - a beast talisman (active)
Scrolls
 c - a scroll of teleportation
 g - a scroll of blinking


   Skills:
 + Level 2.7 Fighting
 - Level 2.0 Dodging
 + Level 3.9 Unarmed Combat
 * Level 4.3 Shapeshifting


You had 4 spell levels left.
You didn't know any spells.
Your spell library was empty.

Dungeon Overview and Level Annotations

Branches:
Dungeon (3/15)

Altars:

Shops:
D:2 (

Annotations:
D:3 Robin, Sigmund


Innate Abilities, Weirdness & Mutations

You are a hulking beast.
Your limbs bulge with bestial killing power. (Slay +3)
You cannot wear most types of armour.
You are amphibious.
You can wear up to eight rings at the same time.
Your skin changes colour to match your surroundings (Stealth+).
Your rubbery body absorbs attacks. (AC +1, EV +1)
((You are camouflaged when in or above water. (Stealth+)))
You have tentacles for arms and can constrict up to eight enemies at once.


Message History

Unknown command.
You feel better. Something hits you but does no damage.
You cannot move.
You cannot move.
You cannot move.
You swing at nothing.
You swing at nothing.
Something hits you.
You swing at nothing.
You swing at nothing.
Something hits you but does no damage.
You swing at nothing.
Something hits you but does no damage.
You swing at nothing.
Your transformation is almost over.
Robin points. "Kill!"
You swing at nothing.
Something hits you but does no damage.
You swing at nothing.
You swing at nothing.
Something hits you but does no damage.
You swing at nothing.
Something hits you!
You swing at nothing.
Sigmund appears from thin air!
Reactivating autopickup.
You swing at nothing.
Sigmund casts a spell.
Sigmund flickers and vanishes!
Deactivating autopickup; reactivate with Ctrl-A.
You swing at nothing.
Something hits you but does no damage.
You swing at nothing.
You swing at nothing.
You feel less wooden.
You turn into a hulking beast.
Something hits you.
You swing at nothing.
Something hits you!
* * * LOW HITPOINT WARNING * * *
You swing at nothing.
You swing at nothing.
You hear some strange, mumbled words.
You are confused.
You're too confused to attack without stumbling around!
You're too confused to attack without stumbling around!
You're too confused to attack without stumbling around!
You're too confused to attack without stumbling around!
Something hits you!
You die...

.###.#..####...............#
.##.........................
.+.................#######.#
.##....####..#####.#
####.### #.>....#.# .# #.#
######.#.# .# #.# #)#.# .#
#.# #.#.# .# #.# #h#.# .#
#.# #{#.# .# #.# .g. .# #.#
..... .# #.# ......# .# #.#
.......# .# #.# ........# ##
#.# .........# #.#


You could see Robin.

Vanquished Creatures
  An orc priest (D:3)
  Jessica (D:2)
  Natasha (D:3)
  3 adders
  2 worms
  2 dart slugs
  4 orcs (D:3)
  3 endoplasms (D:1)
  A giant cockroach (D:1)
  9 goblins
  12 hobgoblins
  6 kobolds
  4 quokkas
  5 ball pythons
  3 bats
  4 frilled lizards
  3 rats
64 creatures vanquished.

Notes
Turn   | Place    | Note
-------+----------+-------------------------------------------
     0 | D:1      | Gelion the Octopode Shapeshifter began the quest for the
                  | Orb.
     0 | D:1      | Reached XP level 1. HP: 13/13 MP: 1/1
   121 | D:1      | Reached XP level 2. HP: 14/18 MP: 2/2
   707 | D:1      | Reached XP level 3. HP: 23/23 MP: 3/3
   949 | D:2      | Found Orhigat's Antique Weapon Shop.
  1209 | D:2      | Noticed Jessica
  1214 | D:2      | Killed Jessica
  1215 | D:2      | Reached XP level 4. HP: 29/29 MP: 4/4
  1794 | D:3      | Reached skill level 4 in Shapeshifting
  1794 | D:3      | Reached XP level 5. HP: 16/35 MP: 5/5
  2171 | D:3      | Noticed Natasha
  2178 | D:3      | Killed Natasha
  2252 | D:3      | Noticed Sigmund
  2253 | D:3      | Noticed Robin
  2311 | D:3      | Slain by Sigmund

Illustrated notes

Levels and vault maps discovered:
D:1:      minmay_arrival_four_houses, layout_basic
D:2:      layout_basic, serial_shops, nicolae_lakefront_shop, uniq_jessica
D:3:      layout_basic, uniq_sigmund, uniq_terence, uniq_natasha, uniq_robin

Skill      XL: |  1  2  3  4 |
---------------+-------------+-----
Fighting       | 2 |  2.7
Shapeshifting  | 4 |  4.3
Dodging        | |  2.0
Unarmed Combat | |  3.9

Action                     |  1- 3 |  4- 6 || total
---------------------------+-------+-------++-------
  Melee: Unarmed           |    60 |    61 ||   121
         Constrict         |    15 |    13 ||    28
         Tentacles         |    10 |    12 ||    22
         Punch             |     2 |     1 ||     3
    Use: Scroll            |       |     4 ||     4
         Potion            |       |     2 ||     2
   Stab: Sleeping          |     9 |     7 ||    16
 Armour: Skin              |     5 |    38 ||    43
  Dodge: Dodged            |    27 |    24 ||    51

Table legend: (Time is in decaauts)
 A = Elapsed time spent in this place.
 B = Non-inter-level travel time spent in this place.
 C = Inter-level travel time spent in this place.
 D = Time resting spent in this place.
 E = Time spent auto-exploring this place.
 F = Levels seen in this place.
 G = Mean time per level.
                   A        B        C        D        E       F      G
               +--------+--------+--------+--------+--------+-----+--------+
         Total |   2301 |   2206 |     95 |      0 |   1833 |   3 |  767.0 |
       Dungeon |   2301 |   2206 |     95 |      0 |   1833 |   3 |  767.0 |
               +--------+--------+--------+--------+--------+-----+--------+

Top non-repeatable levels by time:
     D:1: 816 daAuts
     D:2: 792 daAuts
     D:3: 692 daAuts
